 Dungeon Crawl Stone Soup version 0.18.1-47-g9310371 (console) character file.

5637 Kloppie the Fighter (level 10, -2/151 HPs)
             Began as a Minotaur Berserker on June 23, 2016.
             Was an Elder of Trog.
             Slain by a five-headed hydra (16 damage)
             ... on level 1 of the Lair of Beasts.
             The game lasted 00:16:21 (8556 turns).

Kloppie the Fighter (Minotaur Berserker)            Turns: 8556, Time: 00:16:22

Health: -2/151     AC:  6    Str: 29    XL:     10   Next: 46%
Magic:  9/9        EV: 13    Int:  9    God:    Trog [****..]
Gold:   292        SH:  0    Dex: 18    Spells: 0 memorised, 9 levels left

rFire  . . .     SeeInvis .     F - +0 dire flail
rCold  + . .     Gourm    .     t - +0 leather armour of Gugil {-Cast Str+2 Int+5}
rNeg   . . .     Faith    .     (shield currently unavailable)
rPois  .         Spirit   .     (helmet restricted)
rElec  .         Dismiss  .     (no cloak)
rCorr  .         Reflect  .     n - +0 pair of gloves
SustAt .         Harm     .     H - +1 pair of boots
MR     ++...     NoCast   +     (no amulet)
Stlth  ..........               l - +5 ring of dexterity
                                w - ring of protection from cold

@: berserking, regenerating, very quick, very resistant to hostile enchantments,
extremely unstealthy
A: retaliatory headbutt, horns 2
a: Berserk, Trog's Hand, Brothers in Arms, Burn Spellbooks, Renounce Religion


You were on level 1 of the Lair of Beasts.
You worshipped Trog.
Trog was greatly pleased with you.
You were not hungry.

You visited 2 branches of the dungeon, and saw 9 of its levels.

You collected 292 gold pieces.

Inventory:

Hand Weapons
 a - a +1 flail of venom
 b - a +2 flail of protection
 F - a +0 dire flail (weapon)
Missiles
 e - 6 throwing nets (quivered)
 O - 114 arrows
Armour
 n - a +0 pair of gloves (worn)
 t - the +0 leather armour of Gugil (worn) {-Cast Str+2 Int+5}
   (You found it on level 2 of the Dungeon)

   It affects your strength (+2).
   It affects your intelligence (+5).
   It prevents spellcasting.
 H - a +1 pair of boots (worn)
Jewellery
 l - a +5 ring of dexterity (right hand)
 w - a ring of protection from cold (left hand)
 G - an uncursed ring of flight
 K - an uncursed ring of ice
Wands
 f - a wand of hasting (3/9)
 x - a wand of digging (8/24)
 y - a wand of polymorph (8/24)
 C - a wand of flame (30/48)
 M - a wand of disintegration (24/24)
Scrolls
 d - a scroll of recharging
 i - 4 scrolls of magic mapping
 m - 4 scrolls of immolation
 p - a scroll of remove curse
 q - 2 scrolls of noise
 s - 4 scrolls of teleportation
 A - a scroll of identify
 B - 2 scrolls of fog
Potions
 g - a potion of haste
 h - 3 potions of curing
 j - 2 potions of agility
 k - 3 potions of heal wounds
 o - 2 potions of brilliance
 u - 2 potions of magic {unknown}
 v - 2 potions of invisibility
 D - a potion of lignification
 I - a potion of ambrosia
 N - 2 potions of resistance {unknown}
Comestibles
 c - 14 bread rations
 r - a meat ration
 z - a royal jelly
 E - 2 beef jerkies
 L - a slice of pizza


   Skills:
 + Level 13.4 Fighting
 + Level 13.0 Maces & Flails
 - Level 2.4 Armour
 - Level 2.1 Dodging


You had 9 spell levels left.
You didn't know any spells.

Dungeon Overview and Level Annotations

Branches:
Dungeon (8/15)             Temple (0/1) D:6            Lair (1/8) D:8

Altars:
Ru
Trog
Xom
Zin
The Shining One


Innate Abilities, Weirdness & Mutations

You reflexively headbutt those who attack you in melee.
You have a pair of horns on your head.


Message History

You feel yourself moving faster!
You feel mighty!
You feel somewhat more hungry.
The five-headed hydra closely misses you.
The five-headed hydra bites you.
* * * LOW HITPOINT WARNING * * *
The five-headed hydra closely misses you.
The five-headed hydra barely misses you.
The five-headed hydra bites you!
* * * LOW HITPOINT WARNING * * *
You barely miss the five-headed hydra.
The five-headed hydra is moderately wounded.
You impale the five-headed hydra!! You headbutt the five-headed hydra!
The five-headed hydra is almost dead.
The five-headed hydra bites you!
* * * LOW HITPOINT WARNING * * *
The five-headed hydra bites you.
* * * LOW HITPOINT WARNING * * *
The five-headed hydra completely misses you.
The five-headed hydra bites you!
You die...

..###..}..# ....# ..#
.⌠.##..>..###⌠.⌠# #...##
....#.....#.#...# .....#
..###....#..#...# P...##
...###.⌠.##.....##......
#...##...#†††.#.........
.#........†††##.........
.#........††#...........
..##.......##...@.......
.. ##......##.#.D#.....#
## #..⌠.........#......
.#...#....%.......#.
....+........#....#
.............#D....#
#........# .. .
...(....#


You could see a five-headed hydra.

Vanquished Creatures
  Harold (Lair:1)
  The ghost of Ery the Cudgeler, an amateur MiBe of Trog (D:4)
  A spriggan (D:7)
  5 yaks (Lair:1)
  Edmund (D:5)
  2 water moccasins (Lair:1)
  2 porcupines (Lair:1)
  2 hell hounds (D:8)
  An ice beast (D:7)
  4 orc warriors
  A sky beast (D:6)
  3 ogres
  2 centaurs
  2 crocodiles (Lair:1)
  6 giant frogs
  3 scorpions
  4 killer bees (D:7)
  3 howler monkeys
  A quasit (D:8)
  4 orc priests
  12 orc wizards
  5 iguanas
  8 worker ants
  2 hound skeletons (D:6)
  4 gnolls (D:4)
  5 adders
  10 river rats (Lair:1)
  4 shadow imps
  2 oozes
  5 worms
  3 dart slugs
  6 giant geckos
  32 orcs
  11 bats
  7 giant cockroaches
  6 goblins
  6 hobgoblins
  9 jackals
  2 quokkas
  A giant gecko skeleton (D:4)
  8 giant newts
  3 goblin skeletons (D:8)
  3 goblin zombies (D:8)
  A jackal skeleton (D:4)
  9 kobolds
  2 kobold zombies (D:8)
  An orc zombie (D:8)
  6 rats
222 creatures vanquished.

Vanquished Creatures (others)
  2 fungi (Lair:1)
2 creatures vanquished.

Grand Total: 224 creatures vanquished

Notes
Turn   | Place    | Note
--------------------------------------------------------------
     0 | D:1      | Kloppie the Minotaur Berserker began the quest for the Orb.
     0 | D:1      | Reached XP level 1. HP: 19/19 MP: 0/0
   296 | D:1      | Reached XP level 2. HP: 18/27 MP: 1/1
   738 | D:2      | Reached ** piety under Trog
   754 | D:2      | Reached XP level 3. HP: 33/34 MP: 2/2
  1202 | D:2      | Got a warped leather armour
  1218 | D:2      | Identified the +0 leather armour of Gugil {-Cast Str+2 Int+5} (You found it on level 2 of the Dungeon)
  1342 | D:2      | Reached skill level 5 in Fighting
  1551 | D:2      | Reached XP level 4. HP: 38/42 MP: 3/3
  1964 | D:3      | Reached skill level 5 in Maces & Flails
  2143 | D:3      | Reached *** piety under Trog
  2215 | D:3      | Reached XP level 5. HP: 49/50 MP: 4/4
  2257 | D:3      | Found a faded altar to an unknown god.
  2642 | D:4      | Reached XP level 6. HP: 17/58 MP: 5/5
  2839 | D:4      | Noticed Ery's ghost (amateur MiBe)
  2885 | D:4      | Killed Ery's ghost
  2933 | D:4      | Reached XP level 7. HP: 66/66 MP: 6/6
  3287 | D:4      | Found a sacrificial altar of Ru.
  4151 | D:5      | Entered Level 5 of the Dungeon
  4192 | D:5      | Found a shimmering altar of Xom.
  4193 | D:5      | Noticed an angel
  4194 | D:5      | Found a glowing silver altar of Zin.
  4408 | D:5      | Noticed Edmund
  4419 | D:5      | Killed Edmund
  4419 | D:5      | Reached XP level 8. HP: 76/78 MP: 7/7
  4592 | D:6      | Found a bloodstained altar of Trog.
  4606 | D:6      | Reached **** piety under Trog
  5169 | D:6      | Found a staircase to the Ecumenical Temple.
  5418 | D:6      | Reached skill level 10 in Fighting
  5738 | D:7      | Reached skill level 10 in Maces & Flails
  5762 | D:7      | Gained mutation: You have sharp fingernails. [potion of beneficial mutation]
  6125 | D:7      | Reached XP level 9. HP: 58/86 MP: 8/8
  7073 | D:8      | Found a staircase to the Lair.
  7264 | D:8      | Found a glowing golden altar of the Shining One.
  7660 | D:8      | Gained mutation: Your body sometimes deteriorates upon taking damage. [potion of mutation]
  7660 | D:8      | Gained mutation: You are occasionally teleported next to monsters. [potion of mutation]
  7660 | D:8      | Gained mutation: You tend to lose your temper in combat. [potion of mutation]
  7661 | D:8      | Lost mutation: Your body sometimes deteriorates upon taking damage. [potion of cure mutation]
  7661 | D:8      | Lost mutation: You tend to lose your temper in combat. [potion of cure mutation]
  7661 | D:8      | Lost mutation: You are occasionally teleported next to monsters. [potion of cure mutation]
  7661 | D:8      | Lost mutation: You have sharp fingernails. [potion of cure mutation]
  7698 | Lair:1   | Entered Level 1 of the Lair of Beasts
  7776 | Lair:1   | Reached XP level 10. HP: 28/100 MP: 9/9
  8104 | Lair:1   | Noticed Harold
  8155 | Lair:1   | Killed Harold
  8283 | Lair:1   | Noticed a five-headed hydra
  8556 | Lair:1   | Slain by a five-headed hydra

Skill      XL: |  1  2  3  4  5  6  7  8  9 10 |
---------------+-------------------------------+-----
Maces & Flails | 4 5 6 7 8 10 12 13 | 13.0
Fighting       | 4 5 6 7 9 10 12 13 | 13.4
Armour         | |  2.4
Dodging        | |  2.1

Action                   |  1- 3 |  4- 6 |  7- 9 | 10-12 || total
-------------------------+-------+-------+-------+-------++-------
Melee: Mace              |    72 |    57 |       |       ||   129
       Headbutt          |    12 |    28 |    74 |    15 ||   129
       Flail             |       |    45 |   272 |       ||   317
       Dire flail        |       |       |    25 |    52 ||    77
Throw: Throwing net      |       |       |     2 |       ||     2
Invok: Trog's Hand       |       |     3 |     8 |     2 ||    13
       Berserk           |       |     1 |     3 |     2 ||     6
Evoke: Wand              |       |       |     1 |       ||     1
  Use: Potion            |       |     1 |     3 |       ||     4
       Scroll            |       |       |    25 |       ||    25
 Stab: Sleeping          |       |       |       |     1 ||     1
  Eat: Chunk             |     2 |     4 |     8 |     5 ||    19
       Meat ration       |       |     1 |     1 |       ||     2
       Royal jelly       |       |       |     1 |       ||     1
Armor: Leather armour    |    17 |    26 |    60 |     6 ||   109
       Animal skin       |     1 |       |       |       ||     1
Dodge: Dodged            |    55 |    61 |   178 |    30 ||   324
